 Dungeon Crawl Stone Soup version 0.27.1 (webtiles) character file.

Game seed: 9766888419056661609

43 Malachi the Skirmisher (level 3, -1/31 HPs)
             Began as a Palentonga Fighter on Aug 29, 2021.
             Slain by a phantom (4 damage)
             ... on level 2 of the Dungeon.
             The game lasted 00:01:14 (1503 turns).

Malachi the Skirmisher (Palentonga Fighter)         Turns: 1503, Time: 00:01:14

Health: -1/31      AC:  6    Str: 20    XL:     3   Next: 37%
Magic:  3/3        EV:  5    Int:  8    God:
Gold:   44         SH:  8    Dex:  9    Spells: 2/2 levels left

rFire    . . .     SeeInvis +   a - +0 war axe
rCold    . . .     Faith    .   c - +0 kite shield
rNeg     . . .     Spirit   .   b - +0 scale mail
rPois    .         Reflect  .   (no helmet)
rElec    .         Harm     .   (no cloak)
rCorr    .         Rampage  .   (no gloves)
Will     .....                  (no barding)
Stlth    ..........             (no amulet)
HPRegen  0.10/turn              (no ring)
MPRegen  0.08/turn              (no ring)

@: mighty
A: large, rugged brown scales 3, see invisible, deformed body, roll 1, armoured
tail
a: Rolling Charge


You were on level 2 of the Dungeon.
You visited 1 branch of the dungeon, and saw 2 of its levels.

You collected 44 gold pieces.

Inventory:

Hand Weapons
 a - a +0 war axe (weapon)
Armour
 b - a +0 scale mail (worn)
 c - a +0 kite shield (worn)
Scrolls
 e - a scroll of magic mapping {unknown}
 g - a scroll of noise {unknown}
 h - a scroll of amnesia {unknown}
Potions
 f - a potion of haste {unknown}


   Skills:
 + Level 3.4 Fighting
 + Level 2.7 Axes
 + Level 2.7 Armour
 + Level 0.1 Dodging
 + Level 2.7 Shields


You had 2 spell levels left.
You didn't know any spells.
Your spell library contained the following spells:

 Spells                   Type           Power      Damage    Failure   Level
 Fireball                 Conj/Fire      0%         3d3       100%        5
 Starburst                Conj/Fire      0%         6d3       100%        6
 Ignition                 Fire           0%         3d3       100%        8


Dungeon Overview and Level Annotations

Branches:
Dungeon (2/15)

Altars:


Innate Abilities, Weirdness & Mutations

You are completely covered in rugged brown scales. (AC +3, +7% HP)
You have supernaturally acute eyesight. (SInv)
Armour fits poorly on your strangely shaped body.
You can roll at nearby foes to attack.
You have a long armoured tail.


Message History

The phantom hits you but does no damage.
The phantom hits you.
The phantom blinks!
You blink.
You hit the phantom but do no damage.
The phantom is moderately damaged.
The phantom hits you.
You are too injured to fight recklessly!
You are too injured to fight recklessly!
You are too injured to fight recklessly!
You are too injured to fight recklessly!
You are too injured to fight recklessly!
You feel very mighty all of a sudden. The phantom barely misses you.
You are too injured to fight recklessly!
You are too injured to fight recklessly!
You are too injured to fight recklessly!
You are too injured to fight recklessly!
You barely miss the phantom.
Your tail-slap misses the phantom.
The phantom is moderately damaged.
The phantom hits you.
The phantom blinks!
You blink.
You block the phantom's attack. The phantom barely misses you.
You hit the phantom. You tail-slap the phantom.
The phantom is heavily damaged.
The phantom hits you.
* * * LOW HITPOINT WARNING * * *
You closely miss the phantom.
The phantom is heavily damaged.
The phantom hits you but does no damage.
The phantom hits you.
* * * LOW HITPOINT WARNING * * *
You hit the phantom but do no damage.
The phantom is heavily damaged.
The phantom hits you.
* * * LOW HITPOINT WARNING * * *
The phantom blinks!
You blink.
You closely miss the phantom.
The phantom is heavily damaged.
The phantom hits you but does no damage.
The phantom hits you.
You die...

#.# #....##'###
#.#
###....##...#
#.#
#......####.#
###.#
#.#...##.P..8
#...#
#.#####._.###
#...#
#.'.8...P##
#...#####.#.####
##W..# #.#...#
#@..####.###'#
#......#P...P#
#...##########
#.§.# #§(.#
#...# #...#
#####


You could see a phantom.

Vanquished Creatures
  An adder (D:2)
  2 ball pythons (D:2)
  4 endoplasms
  2 giant cockroaches
  4 goblins
  3 hobgoblins (D:1)
  3 quokkas (D:1)
  3 bats (D:1)
  4 frilled lizards
  3 kobolds (D:1)
  2 rats
31 creatures vanquished.

Vanquished Creatures (others)
  A plant (D:2)
1 creature vanquished.

Grand Total: 32 creatures vanquished

Notes
Turn   | Place    | Note
-------+----------+-------------------------------------------
     0 | D:1      | Malachi the Palentonga Fighter began the quest for the Orb.
     0 | D:1      | Reached XP level 1. HP: 19/19 MP: 1/1
   266 | D:1      | Reached XP level 2. HP: 21/25 MP: 2/2
  1200 | D:2      | Reached XP level 3. HP: 31/31 MP: 3/3
  1430 | D:2      | Found a faded altar of an unknown god.
  1489 | D:2      | Noticed a phantom
  1503 | D:2      | Slain by a phantom

Illustrated notes

Levels and vault maps discovered:
D:1:      onia_arrival_mini_maze_b, layout_basic
D:2:      layout_basic, serial_shops, nicolae_shop_trees,
          shapermc_ecumenical_altar_ellora

Action                   || total
-------------------------++-------
Melee: War axe           ||    71
       Tailslap          ||     9
 Abil: Rolling Charge    ||     1
  Use: Potion            ||     1
Armor: Scale mail        ||    33
Dodge: Dodged            ||    16
Block: Kite shield       ||    29
